Map: Ruins of Seras

Players

EverZtelecoM (telecom)

  • Race: Zerg Zerg
  • League: Master

Tefel - Winner!

  • Race: Zerg Zerg
  • League: Diamond

Event: ASL Season 5 Prime League LOTV Beta

VOD

Have the link to the VOD?

Description

Time

  • Played on: Sept. 5, 2015, 9:40 p.m.
  • Length: 6:25

All games in this series

Show
View Real Time Build Order
Export as new Build Order

EverZtelecoM Zerg 

Build Orders: 3 Hatch before Pool, Zergling Baneling 

Get SALT Encoding   

  12  0:01  Drone  
  13  0:08  Drone  
  14  0:17  Overlord  
  14  0:23  Extractor  
  14  0:24  Drone  
  15  0:35  Drone x2  
  17  0:44  Drone  
  18  0:57  Hatchery  
  18  1:00  Drone  
  18  1:20  Hatchery  
  17  1:25  Extractor  
  16  1:35  Spawning Pool  
  16  1:39  Drone  
  16  1:41  Drone  
  16  1:44  Drone  
  18  1:50  Drone  
  20  2:01  Drone  
  20  2:14  Overlord  
  20  2:15  Drone  
  21  2:21  Queen  
  23  2:27  Queen  
  25  2:32  Metabolic Boost  
  25  2:37  Drone  
  26  2:40  Drone  
  26  2:43  Drone  
  28  2:50  Baneling Nest  
  28  2:51  Drone  
  28  2:54  Drone  
  28  2:56  Zergling x2  
  30  2:59  Drone  
  30  3:05  Drone x2  
  33  3:09  Zergling x2  
  33  3:13  Drone  
  33  3:14  Drone  
  33  3:19  Overlord  
  35  3:24  Zergling x4  
  37  3:27  Zergling x2  
  37  3:29  Zergling x2  
  37  3:32  Zergling x2  
  37  3:33  Zergling x2  
  41  3:34  Zergling x2  
  41  3:37  Zergling x2  
  41  3:38  Zergling x2  
  44  3:42  Zergling x2  
  44  3:43  Zergling x2  
  44  3:44  Baneling x2  
  44  3:46  Baneling  
  44  3:47  Baneling  
  46  3:48  Baneling  
  46  3:49  Baneling  
  46  3:54  Zergling x6  
  49  3:57  Zergling x2  
  50  4:05  Baneling x2  
  50  4:10  Overlord  
  50  4:14  Extractor  
  50  4:15  Spine Crawler  
  50  4:16  Baneling x2  
  48  4:19  Drone x2  
  49  4:30  Drone x4  
  49  4:31  Drone x3  
  51  4:51  Overlord  
  49  4:55  Drone x2  
  49  4:56  Drone  
  49  4:59  Drone  
  50  5:04  Roach Warren, Overlord x2  
  50  5:05  Zergling x2  
  50  5:08  Queen  
  50  5:11  Zergling x2  
  53  5:14  Spine Crawler x2, Zergling x2  
  53  5:15  Zergling x2  
  53  5:19  Baneling x4  
  53  5:25  Zergling x4  
  53  5:26  Zergling x4  
  56  5:29  Zergling x4  
  56  5:32  Overlord  
  56  5:45  Overlord x3  
  56  5:46  Baneling x3  
  56  5:47  Baneling  
  56  5:49  Roach  
  50  5:52  Baneling x3  
  50  5:53  Zergling x2  
  50  5:54  Zergling x2  
  50  5:56  Roach  
  51  6:01  Roach x2  
  55  6:05  Roach  
Show
View Real Time Build Order
Export as new Build Order

Tefel Zerg - Winner!

Build Orders: Pool First, Ravager All-In 

Get SALT Encoding   

  12  0:00  Drone  
  13  0:08  Drone  
  14  0:17  Overlord  
  14  0:24  Drone, Extractor  
  15  0:36  Drone x2  
  17  0:45  Spawning Pool  
  17  0:47  Drone  
  17  1:09  Hatchery  
  16  1:12  Drone  
  16  1:13  Extractor  
  16  1:16  Drone  
  17  1:20  Drone  
  18  1:27  Drone  
  19  1:33  Queen  
  19  1:38  Drone  
  22  1:47  Overlord  
  22  1:57  Extractor  
  22  1:58  Zergling x2  
  22  2:09  Drone, Queen  
  22  2:13  Metabolic Boost  
  25  2:20  Drone  
  25  2:21  Drone  
  27  2:31  Drone  
  27  2:33  Drone  
  29  2:40  Drone x2  
  29  2:42  Overlord  
  29  2:43  Drone x2  
  33  2:50  Roach Warren  
  32  2:56  Drone x2  
  34  3:08  Drone x2  
  35  3:17  Overlord  
  35  3:19  Zergling x10  
  40  3:21  Zergling x2  
  41  3:30  Roach  
  41  3:33  Overlord  
  43  3:39  Roach  
  45  3:44  Roach x3  
  45  3:47  Overlord  
  51  3:50  Overlord  
  51  3:52  Ravager  
  52  3:57  Roach  
  52  3:58  Roach  
  56  4:05  Ravager x2  
  56  4:07  Ravager x2  
  56  4:09  Zergling x6  
  63  4:10  Zergling x2  
  63  4:12  Zergling x2  
  64  4:17  Roach  
  64  4:22  Ravager, Zergling x4  
  68  4:30  Zergling x6  
  71  4:33  Zergling x2  
  71  4:34  Overlord  
  71  4:36  Zergling x2  
  70  4:47  Zergling x8  
  70  4:48  Zergling x2  
  70  4:52  Zergling x6  
  76  4:57  Roach  
  75  5:00  Roach  
  75  5:03  Queen  
  79  5:07  Overlord  
  79  5:10  Ravager x2  
  81  5:15  Roach  
  81  5:18  Overlord  
  83  5:26  Roach x2  
  86  5:29  Roach  
  86  5:30  Roach  
  86  5:32  Zergling x2  
  91  5:38  Roach x2  
  91  5:41  Roach  
  93  5:48  Roach x2  
  94  5:54  Roach  
  94  5:57  Roach, Zergling x2  
  96  5:58  Zergling x2  
  96  6:00  Zergling x2  
Tags
 
Add a new tag
Caveats
  • Supply blocks, unpowered buildings, or Contaminate may cause inaccurate times.
  • Supply counts are checked every 10 seconds.